 Dungeon Crawl Stone Soup version 0.30-a0-121-gb27577e5d9 (webtiles) character file.

Game seed: 2274266479007415905

33 ytrimaz the Insei (level 3, -5/23 HPs)
             Began as an Octopode Transmuter on Sept 14, 2022.
             Slain by a worm (11 damage)
             ... on level 2 of the Dungeon.
             The game lasted 00:01:45 (1751 turns).

ytrimaz the Insei (Octopode Transmuter)             Turns: 1751, Time: 00:01:46

Health: -5/23      AC:  1    Str:  9    XL:     3   Next: 29%
Magic:  7/7        EV: 13    Int: 17    God:
Gold:   64         SH:  0    Dex: 12    Spells: 1/7 levels left

rFire   . . .      SeeInvis .      - Unarmed
rCold   . . .      Faith    .    (no shield)
rNeg    . . .      Spirit   .    (helmet currently unavailable)
rPois   .          Reflect  .    (no amulet)
rElec   .          Harm     .    (no ring)
rCorr   .          Rampage  .    (no ring)
Will    .....                    (no ring)
Stlth   ++........               (no ring)
HPRegen 0.07/turn                (no ring)
MPRegen 0.10/turn                (no ring)
                                 (no ring)
                                 (no ring)

@: appendages (expiring)
A: tentacle spike 3, almost no armour, amphibious, 8 rings, camouflage 1,
gelatinous body 1, (nimble swimmer 1), tentacles
a: End Transformation


You were on level 2 of the Dungeon.
One of your tentacles had grown a beastly spike.
You visited 1 branch of the dungeon, and saw 2 of its levels.

You collected 64 gold pieces.


Innate Abilities, Weirdness & Mutations

One of your tentacles has grown a beastly spike.
You cannot wear most types of armour.
You are amphibious.
You can wear up to eight rings at the same time.
Your skin changes colour to match your surroundings (Stealth+).
Your rubbery body absorbs attacks. (AC +1, EV +1)
((You are camouflaged when in or above water. (Stealth+)))
You have tentacles for arms and can constrict up to eight enemies at once.


   Skills:
 - Level 1.0 Fighting
 - Level 2.0 Dodging
 - Level 3.0 Unarmed Combat
 + Level 2.7 Spellcasting
 + Level 2.9 Transmutations


You had one spell level left.
You knew the following spells:

 Your Spells              Type           Power      Damage    Failure   Level
a - Beastly Appendage     Tmut           24%        N/A       5%          1
b - Wereblood             Tmut           12%        N/A       9%          2
c - Spider Form           Tmut/Pois      7%         N/A       30%         3

Your spell library contained the following spells:

 Spells                   Type           Power      Damage    Failure   Level
 Ice Form                 Ice/Tmut       7%         N/A       69%         4

Inventory:

Scrolls
 c - a scroll of blinking
Potions
 a - a potion of resistance {unknown}
 b - 3 potions of flight
 d - a potion of curing

Dungeon Overview and Level Annotations

Branches:
Dungeon (2/15) Zot: 10252

Altars:
Uskayaw

#.#....รท......##>##.
#.#.####........)...
#.#.## ###...####.##
#####....# #....... #
.........# #.######
#######..# #.# #..#
#.# #w)# #.# #@.# #..
#..# #..# ..). ##..#.
#..... #.## ## #.#


You could see a worm.


Message History

You take 2 damage, and now have 10/23 hp.
You are too injured to fight recklessly!
You tentacle-slap the endoplasm.
You pierce the endoplasm, but do no damage.
Your transformation is almost over.
The endoplasm freezes you.
You are frozen.
* * * LOW HITPOINT WARNING * * *
๐Ÿ˜ฑ HP[-5]
You take 5 damage, and now have 5/23 hp.
MASSIVE DAMAGE!! (PAUSE)
You tentacle-slap the endoplasm.
You kill the endoplasm!
Unknown command.
You see here the +0 ring mail of the Mauling Gods {rElec rC+ Dex+2}.
Your tentacle spike disappears.
Key pressed, stopping explore.
Unknown command. ๐Ÿ˜จ HP[+3] MP[+1]
You regained 3 hp, and now have 8/23 hp.
Your mp is fully restored (7).
Key pressed, stopping explore.
Key pressed, stopping explore.
Unknown command. ๐Ÿ˜ฎ HP[+5]
You regained 5 hp, and now have 13/23 hp.
Key pressed, stopping explore.
Key pressed, stopping explore.
Unknown command. ๐Ÿ˜• HP[+8]
You regained 8 hp, and now have 21/23 hp.
c - a scroll of blinking ๐Ÿ˜Ž HP[+2]
Your hp is fully restored (23).
b - 3 potions of flight (gained 1)
You see here 6 stones.
Key pressed, stopping explore.
You see here a +0 leather armour.
Found a hide-covered altar of Uskayaw.
You now have 52 gold pieces (gained 12).
Key pressed, stopping explore.
You now have 64 gold pieces (gained 12).
A giant cockroach comes into view.
A giant cockroach is nearby!
A giant cockroach is nearby!
A giant cockroach is nearby!
A goblin and a worm come into view.
The goblin shouts!
One of your tentacles grows a vicious spike. ๐Ÿ˜Ž MP[-1]
You lost 1 mp, and now have 6/7 mp.
The giant cockroach misses you.
You barely miss the giant cockroach. You grab the giant cockroach.
Your squeeze misses the giant cockroach.
You constrict the giant cockroach, but do no damage.
The giant cockroach misses you.
Unknown command.
You tentacle-slap the giant cockroach. You squeeze the giant cockroach.
You constrict the giant cockroach.
The giant cockroach bites you but does no damage.
You tentacle-slap the giant cockroach but do no damage.
You pierce the giant cockroach, but do no damage.
You constrict the giant cockroach, but do no damage.
The giant cockroach bites you. ๐Ÿ˜• HP[-1]
You take 1 damage, and now have 22/23 hp.
Unknown command.
You tentacle-slap the giant cockroach. You constrict the giant cockroach.
You kill the giant cockroach!
The goblin hits you with a +0 club. ๐Ÿ˜• HP[-1]
You take 1 damage, and now have 21/23 hp.
You tentacle-slap the goblin. Your grab misses the goblin.
Your squeeze misses the goblin.
The goblin hits you with a +0 club. ๐Ÿ˜ฎ HP[-4]
You take 4 damage, and now have 17/23 hp.
You are too injured to fight recklessly!
Unknown command.
You tentacle-slap the goblin.
You kill the goblin!
You are too injured to fight recklessly!
The worm completely misses you.
You see here a +0 club. ๐Ÿ˜ฎ MP[+1]
Your mp is fully restored (7).
Unknown command. ๐Ÿ˜• HP[+1] Unknown command.
The worm bites you!
Ouch! That really hurt!
* * * LOW HITPOINT WARNING * * *
๐Ÿ˜จ HP[-12]
You take 12 damage, and now have 6/23 hp.
MASSIVE DAMAGE!! (PAUSE) Unknown command.
You barely miss the worm. You grab the worm.
You pierce the worm.
You squeeze the worm.
Your transformation is almost over.
You constrict the worm. The worm bites you!
You die...

Action                   || total
-------------------------++-------
Melee: Unarmed           ||    64
       Constrict         ||    11
       Tentacles         ||     8
       Kick              ||     8
       Punch             ||     2
 Cast: Beastly Appendage ||     9
  Use: Scroll            ||     5
       Potion            ||     1
 Stab: Sleeping          ||     3
Armor: Skin              ||    11
Dodge: Dodged            ||    37

Levels and vault maps discovered:
D:1:      minmay_arrival_glassed_features, layout_rooms,
          dreamdust_ecumenical_altar_angels_and_demons, serial_aquarium,
          aquarium_bridge_square [aquarium_subvault_wall,
          aquarium_subvault_bridge, aquarium_subvault_bridge,
          aquarium_subvault_wall], aquarium_window_2, aquarium_window_1,
          aquarium_window_1, aquarium_window_3, aquarium_view_2a,
          aquarium_view_2c, aquarium_pool_1
D:2:      cheibrodos_greedy_goblins, layout_loops_ring, basic_altar,
          dreamdust_mushroom_princess

Notes
Turn   | Place    | Note
-------+----------+-------------------------------------------
     0 | D:1      | ytrimaz the Octopode Transmuter began the quest for the
                  | Orb.
     0 | D:1      | Reached XP level 1. HP: 13/13 MP: 3/3
     0 | D:1      | magus.rc [v1.9.6]
   358 | D:1      | Reached XP level 2. HP: 15/18 MP: 5/5
   599 | D:1      | Learned a level 2 spell: Wereblood
   852 | D:1      | Found a faded altar of an unknown god.
  1284 | D:2      | Reached XP level 3. HP: 23/23 MP: 6/6
  1291 | D:2      | Learned a level 3 spell: Spider Form
  1395 | D:2      | HP: 5/23 [frozen (5)]
  1398 | D:2      | Identified the +0 ring mail of the Mauling Gods {rElec rC+
                  | Dex+2}
  1688 | D:2      | Found a hide-covered altar of Uskayaw.
  1751 | D:2      | Slain by a worm

Vanquished Creatures
  3 ball pythons
  4 endoplasms
  2 giant cockroaches
  3 goblins
  3 hobgoblins
  6 kobolds
  A quokka (D:1)
  A bat (D:2)
  A frilled lizard (D:1)
  4 rats
28 creatures vanquished.

Table legend:
 A = Non-vault XP
 B = Vault XP
 C = Vault XP percentage of total XP
 D = Non-vault monster count
 E = Vault monster count
 F = Vault count percentage of total count
                 A         B        C        D         E       F
            +---------+---------+-------+---------+---------+-------
      Total |      48 |       0 |   0.0 |      28 |       0 |   0.0
            +---------+---------+-------+---------+---------+-------
        D:1 |      32 |       0 |   0.0 |      18 |       0 |   0.0
        D:2 |      16 |       0 |   0.0 |      10 |       0 |   0.0
            +---------+---------+-------+---------+---------+-------

Illustrated notes

Table legend:
 A = Kills in this place as a percentage of kills in entire the game.
 B = Kills by you in this place as a percentage of kills by you in the entire game.
 C = Kills by friends in this place as a percentage of kills by friends in the entire game.
 D = Other kills in this place as a percentage of other kills in the entire game.
 E = Experience gained in this place as a percentage of experience gained in the entire game.
 F = Experience gained in this place divided by the number of levels of this place that you have seen.
                   A       B       C       D       E      F
               +-------+-------+-------+-------+-------+----------------------
         Total | 100.0 | 100.0 |   N/A |   N/A | 100.0 |  24.0
       Dungeon | 100.0 | 100.0 |   N/A |   N/A | 100.0 |  24.0
               +-------+-------+-------+-------+-------+----------------------

Table legend: (Time is in decaauts)
 A = Elapsed time spent in this place.
 B = Non-inter-level travel time spent in this place.
 C = Inter-level travel time spent in this place.
 D = Time resting spent in this place.
 E = Time spent auto-exploring this place.
 F = Levels seen in this place.
 G = Mean time per level.
                   A        B        C        D        E       F      G
               +--------+--------+--------+--------+--------+-----+--------+
         Total |   1746 |   1716 |     30 |      0 |   1510 |   2 |  873.0 |
       Dungeon |   1746 |   1716 |     30 |      0 |   1510 |   2 |  873.0 |
               +--------+--------+--------+--------+--------+-----+--------+

Top non-repeatable levels by time:
     D:1: 1268 daAuts
     D:2: 478 daAuts
